 Dungeon Crawl Stone Soup version 0.23-a0-270-gab6feb3 (webtiles) character file.

217 women the Chopper (level 5, 0/43 HPs)
             Began as a Barachi Fighter on Oct 1, 2018.
             Slain by a gnoll
             ... wielding a +0 whip
              (3 damage)
             ... on level 4 of the Dungeon.
             The game lasted 00:01:58 (2080 turns).

women the Chopper (Barachi Fighter)                 Turns: 2080, Time: 00:01:59

Health: 0/43       AC:  7    Str: 17    XL:     5   Next: 94%
Magic:  5/5        EV:  7    Int:  8    God:
Gold:   75         SH: 10    Dex: 13    Spells: 4/4 levels left

rFire    . . .     SeeInvis .   a - +0 war axe
rCold    . . .     Gourm    .   c - +1 shield
rNeg     . . .     Faith    .   b - +0 scale mail
rPois    .         Spirit   .   (no helmet)
rElec    .         Reflect  .   (no cloak)
rCorr    .         Harm     .   (no gloves)
MR       .....                  (no boots)
Stlth    ..........             (no amulet)
HPRegen  0.14/turn              (no ring)
MPRegen  0.09/turn              (no ring)

@: slow
A: +LOS, swims, slowness 1, strong legs 1
a: Hop


You were on level 4 of the Dungeon.
You were hungry.

You visited 1 branch of the dungeon, and saw 4 of its levels.

You collected 75 gold pieces.

Inventory:

Hand Weapons
 a - a +0 war axe (weapon)
Armour
 b - a +0 scale mail (worn)
 c - a +1 shield (worn)
 n - a +0 buckler
Wands
 k - a wand of digging (1)
Scrolls
 e - 3 scrolls of teleportation
 g - a scroll of enchant armour
 i - 2 scrolls of fog {unknown}
 j - a scroll of random uselessness {unknown}
 m - a scroll of identify {unknown}
Potions
 d - a potion of might
 h - a potion of curing {unknown}
 l - a potion of brilliance {unknown}
 o - a potion of agility {unknown}
Comestibles
 f - 4 rations


   Skills:
 + Level 4.3 Fighting
 * Level 4.8 Axes
 + Level 4.6 Armour
 + Level 1.0 Dodging
 + Level 4.0 Shields


You had 4 spell levels left.
You didn't know any spells.
Your spell library was empty.

Dungeon Overview and Level Annotations

Branches:
Dungeon (4/15)
 Temple: D:4-7

Altars:


Innate Abilities, Weirdness & Mutations

Shadows flee at your approach. (+LOS)
You can swim through water.
You cover ground slowly.
You can hop short distances.


Message History

The hound bites you.
* * * LOW HITPOINT WARNING * * *
The gnoll hits you with a halberd!
* * * LOW HITPOINT WARNING * * *
You slash the gnoll!
You kill the gnoll!
You hit the hound but do no damage. You hit the gnoll.
The hound barely misses you. The gnoll closely misses you.
The hound bites you but does no damage. You block the gnoll's attack.
The hound bites you but does no damage.
Unknown command.
You block the hound's attack. The gnoll hits you but does no damage.
You see here a halberd.
Unknown command.
You closely miss the gnoll.
The gnoll is severely wounded.
You closely miss the hound. The hound bites you but does no damage.
The gnoll barely misses you. You block the hound's attack.
The gnoll hits you with a whip.
You die...

# ..# ....# ......
.......####
........g@#########
........#)h........
........#.<....###
.......##......#
....... #......#
......# #.......#
...... #........#
.....# #.........#
....# #..........


You could see a hound and a gnoll.

Vanquished Creatures
  Natasha (thrice) (D:2)
  3 gnolls (D:4)
  6 adders (D:2)
  An ooze (D:1)
  A worm (D:2)
  4 dart slugs
  4 giant cockroaches
  4 goblins
  6 hobgoblins
  2 jackals
  7 kobolds
  2 quokkas
  2 bats (D:1)
  A frilled lizard (D:2)
  4 rats
50 creatures vanquished.

Notes
Turn   | Place    | Note
-------+----------+-------------------------------------------
     0 | D:1      | women the Barachi Fighter began the quest for the Orb.
     0 | D:1      | Reached XP level 1. HP: 18/18 MP: 1/1
   119 | D:1      | Reached XP level 2. HP: 24/25 MP: 2/2
   419 | D:1      | Reached XP level 3. HP: 30/30 MP: 3/3
   792 | D:2      | Noticed Natasha
   802 | D:2      | Killed Natasha
   815 | D:2      | Reached XP level 4. HP: 11/37 MP: 4/4
   918 | D:2      | Noticed Natasha
   925 | D:2      | Killed Natasha
  1497 | D:2      | Reached XP level 5. HP: 35/42 MP: 5/5
  1725 | D:2      | Noticed Natasha
  1733 | D:2      | Killed Natasha
  1835 | D:2      | Reached skill level 1 in Dodging
  2080 | D:4      | Slain by a gnoll

Vault maps used:
D:1:      minmay_arrival_nine_rooms, minivault_24, st_stairs_7,
          minmay_misc_feat_alley
D:2:      first_ration, hex_tiny, minmay_tetromino_o4, uniq_natasha
D:3:      overflow_temple_1_default
D:4:      minmay_misc_feat_columns, uniq_edmund

Skill      XL: |  1  2  3  4  5 |
---------------+----------------+-----
Armour         | 4 |  4.6
Fighting       | 4 |  4.3
Axes           | 3 4 |  4.8
Dodging        | 1 |  1.0
Shields        | 4 |  4.0

Action                   |  1- 3 |  4- 6 || total
-------------------------+-------+-------++-------
Melee: War axe           |    65 |   122 ||   187
  Use: Scroll            |     5 |       ||     5
  Eat: Chunk             |       |     4 ||     4
Armor: Scale mail        |    35 |    62 ||    97
Dodge: Dodged            |    16 |    45 ||    61
Block: Shield            |    35 |    68 ||   103

Table legend:
 A = Non-vault XP
 B = Vault XP
 C = Vault XP percentage of total XP
 D = Non-vault monster count
 E = Vault monster count
 F = Vault count percentage of total count
                 A         B        C        D         E       F
            +---------+---------+-------+---------+---------+-------
      Total |     265 |      46 |  14.8 |      44 |       6 |  12.0
            +---------+---------+-------+---------+---------+-------
        D:1 |      36 |       2 |   5.3 |      14 |       1 |   6.7
        D:2 |     180 |      44 |  19.6 |      23 |       5 |  17.9
        D:3 |       6 |       0 |   0.0 |       3 |       0 |   0.0
        D:4 |      43 |       0 |   0.0 |       4 |       0 |   0.0
            +---------+---------+-------+---------+---------+-------
